 Dungeon Sprint DCSS version bcrawl-1.21.3-2-g9d8a61a446 (webtiles) character file.

Game seed: 8339404962061157491

2457 funkygono the Blocker (level 9, -10/79 HPs)
             Began as a Formicid Fighter on Apr 13, 2020.
             Was an Elder of Okawaru.
             Killed from afar by Uvvu Tea the pandemonium lord (19 damage)
             ... with a bolt of cold
             ... in the Dungeon (Sprint V: "Ziggurat Sprint").
             The game lasted 00:08:59 (547 turns).

funkygono the Blocker (Formicid Fighter)             Turns: 547, Time: 00:08:59

Health: -10/79     AC: 35    Str: 35    XL:     9   Next: 79%
Magic:  10/11      EV:  6    Int:  9    God:    Okawaru [****..]
Gold:   0          SH: 38    Dex: 10    Spells: 8/8 levels left

rFire    . . .     SeeInvis +   N - +11 plutonium sword {*Contam Stlth-}
rCold    . . .     Gourm    .   J - +18 shield of the Gong {rElec rN+ MR+ EV-5}
rNeg     + . .     Faith    .   I - +15 Maxwell's patent armour {-Cast -Tele rElec MR+ rCorr}
rPois    .         Spirit   .   (helmet unavailable)
rElec    +         Reflect  .   k - +2 cloak {+Inv}
rCorr    +         Harm     .   (no gloves)
MR       ++...     NoCast   +   (no boots)
Stlth    ..........             (no amulet)
HPRegen  0.23/turn              A - +6 ring of strength
MPRegen  0.12/turn              B - +6 ring of strength

@: heroism, invisible
A: permanent stasis, dig shafts and tunnels, four strong arms, antennae 3
a: Dig, Heroism, Renounce Religion


You were in the Dungeon.
You worshipped Okawaru.
Okawaru was greatly pleased with you.
You were hungry.

You visited 1 branch

Inventory:

Hand Weapons
 b - a +5 triple sword
 N - the +11 plutonium sword (weapon) {*Contam Stlth-}
   (You found it in the Dungeon)

   It causes magical contamination when unequipped.
   It makes you less stealthy.
Armour
 a - a +3 large shield
 c - +5 gold dragon scales
 k - a +2 cloak of invisibility (worn)
 I - the +15 Maxwell's patent armour (worn) {-Cast -Tele rElec MR+ rCorr}
   (You found it in the Dungeon)

   It insulates you from electricity.
   It affects your resistance to hostile enchantments.
   It prevents spellcasting.
   It prevents most forms of teleportation.
   It provides partial protection from all sources of acid and corrosion.
 J - the +18 shield of the Gong (worn) {rElec rN+ MR+ EV-5}
   (You found it in the Dungeon)

   It affects your evasion (-5).
   It insulates you from electricity.
   It protects you from negative energy.
   It affects your resistance to hostile enchantments.
Jewellery
 w - a +6 ring of dexterity
 z - a +6 ring of intelligence
 A - a +6 ring of strength (left hand)
 B - a +6 ring of strength (right hand)
Scrolls
 j - a scroll of silence
 q - 4 scrolls of amnesia
 r - 7 scrolls of fog
 s - 5 scrolls of identify
 t - 5 scrolls of remove curse
 u - 2 scrolls of fear
Potions
 d - 6 potions of might
 f - 10 potions of curing
 g - 12 potions of heal wounds
 i - 7 potions of magic
 l - 2 potions of brilliance
 m - a potion of invisibility
 n - 4 potions of resistance
 p - 5 potions of agility
Comestibles
 e - 7 rations {!d}
 h - 6 chunks of flesh


   Skills:
 + Level 10.7(15.7) Fighting
 + Level 12.1(17.1) Long Blades
 + Level 10.2(15.2) Armour
 + Level 1.0(6.0) Dodging
 + Level 13.8(18.8) Shields
 + Level 3.9 Invocations


You had 8 spell levels left.
You didn't know any spells.
Your spell library contained the following spells:

 Spells                   Type           Power        Failure   Level  Hunger
 Call Canine Familiar     Summ           #.......     99%         3    ####...
 Summon Ice Beast         Ice/Summ       #.......     100%        4    #####..
 Summon Mana Viper        Hex/Summ       #.......     100%        5    ######.
 Summon Hydra             Summ           #.........   100%        6    #######
 Monstrous Menagerie      Summ           #.........   100%        7    #######


Dungeon Overview and Level Annotations

Branches:
Dungeon (1/1)

Altars:
Ashenzari
Cheibriados
Dithmenos
Elyvilon
Fedhas
Gozag
Hepliaklqana
Kikubaaqudgha
Lugonu
Makhleb
Nemelex Xobeh
Okawaru
Qazlal
Ru
Sif Muna
Trog
Uskayaw
Vehumet
Wu Jian
Xom
Yredelemnul
Zin
The Shining One
Beogh
Jiyva

Annotations:
D 1 transporter


Innate Abilities, Weirdness & Mutations

You cannot be hasted, slowed, berserked, paralysed or teleported.
You can dig through walls and to a lower floor.
Your four strong arms can wield two-handed weapons with a shield.
You have a pair of large antennae on your head. (SInv)


Message History

The bolt of cold hits the hungry ghost.
The hungry ghost resists.
The bolt of cold hits you!!
You fade into invisibility!
You block the red devil's attack.
BOUMMMMG!
You block the sun demon's attack.
SHROANNG!
You block the freezing wraith's attack.
GONNNNG!
The freezing wraith hits you but does no damage.
You block the wraith's attack.
PANG!
You block the hungry ghost's attack.
GONNNNG!
Diahos hits you!
* * * LOW HITPOINT WARNING * * *
Uvvu Tea gestures at you.
The bolt of cold hits the hungry ghost!
The hungry ghost resists.
The bolt of cold hits you!!
You die... ▓▓▓▓▓▓▓▓▓▓▓▓▓▓▓▓▓▓▓ ▓..8©8..▓ {{{{

▓..[[:..▓
{{{
▓...)|..▓
▓.......▓
▓.5.....▓
▓554....▓
▓3&&....▓
▓@W3....▓
▓WWW©...▓
▓▓▓▓▓▓▓▓▓
{{{ {{{
{{ {{{


You could see Diahos, Uvvu Tea, 2 sun demons, a freezing wraith, a hungry ghost,
2 wraiths, a red devil, 2 crimson imps and an ufetubus.

Vanquished Creatures
  3 toenail golems (D)
  A jumping spider (D)
  4 tarantellas (D)
  A yak (D)
  4 scorpions (D)
  A crimson imp (D)
  2 quasits (D)
  An iron imp (D)
  A white imp (D)
  A jackal (D)
19 creatures vanquished.

Notes
Turn   | Place    | Note
-------+----------+-------------------------------------------
     0 | D        | funkygono the Formicid Fighter began the quest for the Orb.
     0 | D        | Reached XP level 1. HP: 18/18 MP: 1/1
     0 | D        | Found a shimmering blue altar of Sif Muna.
     0 | D        | Found a sacrificial altar of Ru.
     0 | D        | Found a bloodstained altar of Trog.
     0 | D        | Found a stormy altar of Qazlal.
     0 | D        | Found an iron altar of Okawaru.
     0 | D        | Found a sparkling altar of Nemelex Xobeh.
     0 | D        | Found a blossoming altar of Fedhas.
     1 | D        | Found the +6 Majin-Bo {vamp, *Drain Str+12 Int+24}
     1 | D        | Found the +7 great mace "Firestarter" {inner flame, rF++}
     2 | D        | Found a transporter.
     2 | D        | Found an ancient bone altar of Kikubaaqudgha.
     2 | D        | Found a viscous altar of Jiyva.
     2 | D        | Found a corrupted altar of Lugonu.
     2 | D        | Found a hazy altar of Hepliaklqana.
     2 | D        | Found a burning altar of Makhleb.
     2 | D        | Found an opulent altar of Gozag.
    22 | D        | Found the +9 heavy crossbow "Sniper" {velocity, Acc+∞ SInv}
    22 | D        | Found the +10 dark maul {crush}
    22 | D        | Found the +15 Maxwell's patent armour {-Cast -Tele rElec
                  | MR+ rCorr}
    22 | D        | Found the +18 shield of the Gong {rElec rN+ MR+ EV-5}
    22 | D        | Found the cursed +14 obsidian axe {chop, +Fly SInv *Curse}
    24 | D        | Found the +6 shillelagh "Devastator" {shatter}
    24 | D        | Found the +11 plutonium sword {*Contam Stlth-}
    24 | D        | Found the +8 lance "Wyrmbane" {slay drac, rPois rF+ rC+
                  | AC+3}
    24 | D        | Found the +9 sword of Zonguldrok {reap}
    24 | D        | Found the cursed +13 scythe of Curses {drain, *Curse}
    24 | D        | Found the +0 sword of Power
    24 | D        | Found the +7 mace of Variability {chain chaos}
    24 | D        | Found the +7 Singing Sword {slice}
    24 | D        | Found the +7 longbow "Piercer" {penet, EV-2}
   226 | D        | Became a worshipper of Warmaster Okawaru
   239 | D        | Reached skill level 5 in Shields
   239 | D        | Reached XP level 2. HP: 26/26 MP: 1/4
   278 | D        | Entered arena 2.
   278 | D        | Noticed a yak
   278 | D        | Found a transporter.
   281 | D        | Killed a yak
   281 | D        | Reached * piety under Okawaru
   281 | D        | Reached skill level 7 in Shields
   281 | D        | Reached XP level 3. HP: 35/35 MP: 5/5
   281 | D        | Reached XP level 4. HP: 41/41 MP: 6/6
   281 | D        | Reached XP level 5. HP: 47/47 MP: 7/7
   289 | D        | Entered arena 3.
   289 | D        | Noticed a toenail golem
   289 | D        | Noticed a toenail golem
   289 | D        | Noticed a toenail golem
   289 | D        | Found a transporter.
   297 | D        | Killed a toenail golem
   297 | D        | Reached ** piety under Okawaru
   297 | D        | Reached skill level 10 in Shields
   297 | D        | Reached XP level 6. HP: 18/57 MP: 8/8
   297 | D        | Reached XP level 7. HP: 20/63 MP: 9/9
   303 | D        | Killed a toenail golem
   303 | D        | Reached skill level 11 in Shields
   303 | D        | Reached XP level 8. HP: 50/71 MP: 10/10
   308 | D        | Killed a toenail golem
   308 | D        | Reached *** piety under Okawaru
   308 | D        | Reached skill level 10 in Fighting
   308 | D        | Reached skill level 10 in Long Blades
   308 | D        | Reached skill level 12 in Shields
   399 | D        | Entered arena 4.
   399 | D        | Noticed a tarantella
   399 | D        | Noticed a tarantella
   399 | D        | Found a transporter.
   403 | D        | Killed a tarantella
   403 | D        | Reached skill level 10 in Armour
   403 | D        | Reached XP level 9. HP: 78/78 MP: 11/11
   428 | D        | Got the +2 falchion of Zaunablu {drain, rF+ Str+4 Stlth+}
   430 | D        | Got the +2 leather armour "Vytsumaom" {Str+4 Int+2}
   471 | D        | Entered arena 5.
   471 | D        | Found a transporter.
   487 | D        | Identified the +2 great sword "Ocasch" {vamp, rElec} (You
                  | acquired it in the Dungeon)
   498 | D        | Entered arena 6.
   498 | D        | Noticed a jumping spider
   498 | D        | Found a transporter.
   512 | D        | Reached skill level 13 in Shields
   515 | D        | Reached **** piety under Okawaru
   517 | D        | Killed a jumping spider
   537 | D        | Entered arena 7.
   537 | D        | Noticed Diahos the pandemonium lord
   537 | D        | Noticed Uvvu Tea the pandemonium lord
   539 | D        | Noticed a freezing wraith
   540 | D        | Noticed a sun demon
   540 | D        | Noticed an orange demon
   542 | D        | Noticed a red devil
   542 | D        | Noticed a sun demon
   542 | D        | Found a transporter.
   545 | D        | Reached skill level 1 in Dodging
   547 | D        | Killed from afar by Uvvu Tea the pandemonium lord

Skill      XL: |  1  2  3  4  5  6  7  8  9 |
---------------+----------------------------+-----
Fighting       | 4 6 8 9 10 | 10.7
Long Blades    | 3 4 7 9 10 12 | 12.1
Armour         | 4 7 8 9 10 | 10.2
Shields        | 5 7 10 11 12 13 | 13.8
Invocations    | 3 |  3.9
Dodging        | 1 |  1.0

Action                   |  1- 3 |  4- 6 |  7- 9 || total
-------------------------+-------+-------+-------++-------
Melee: Triple sword      |     2 |     7 |    45 ||    54
Invok: Heroism           |       |       |     3 ||     3
  Use: Potion            |     1 |       |     3 ||     4
       Scroll            |       |       |     1 ||     1
Armor: Plate armour      |     2 |    11 |    32 ||    45
Dodge: Dodged            |       |     1 |     6 ||     7
Block: Medium shield     |     3 |    14 |   117 ||   134
